 Dungeon Crawl Stone Soup version 0.28.0-1-gb440e238dd (webtiles) character file.

Game seed: 6884721040252822379

305 zeram the Sneak (level 6, -2/42 HPs)
             Began as an Octopode Fighter on Feb 24, 2022.
             Slain by a gnoll (9 damage)
             ... on level 4 of the Dungeon.
             The game lasted 00:03:14 (2498 turns).

zeram the Sneak (Octopode Fighter)                  Turns: 2498, Time: 00:03:15

Health: -2/42      AC:  5    Str: 15    XL:     6   Next: 39%
Magic:  6/6        EV: 13    Int: 13    God:
Gold:   98         SH:  4    Dex: 11    Spells: 5/5 levels left

rFire   + . .      SeeInvis .   a - +0 rapier (spect)
rCold   + . .      Faith    .   b - +0 buckler
rNeg    . . .      Spirit   .   (helmet restricted)
rPois   +          Reflect  .   (no amulet)
rElec   +          Harm     .   f - +4 ring of protection
rCorr   +          Rampage  .   h - ring of flight
Will    .....                   (no ring)
Stlth   ++++......              (no ring)
HPRegen 0.14/turn               (no ring)
MPRegen 0.10/turn               (no ring)
                                (no ring)
                                (no ring)

@: resistant, flying
A: almost no armour, amphibious, 8 rings, camouflage 1, gelatinous body 1,
(nimble swimmer 1), tentacles
a: no special abilities


You were on level 4 of the Dungeon.
You visited 1 branch of the dungeon, and saw 4 of its levels.

You collected 98 gold pieces.

Inventory:

Hand Weapons
 a - a +0 spectral rapier (weapon)
Missiles
 i - 4 boomerangs of dispersal (quivered)
Armour
 b - a +0 buckler (worn)
Jewellery
 f - a +4 ring of protection (left tentacle)
 h - a ring of flight (right tentacle)
Scrolls
 j - 2 scrolls of teleportation {unknown}
 k - a scroll of brand weapon
 l - a scroll of immolation {unknown}
 m - a scroll of enchant armour {unknown}
 o - a scroll of noise {unknown}
Potions
 c - a potion of might
 d - a potion of mutation {unknown}
 e - a potion of curing {unknown}
 n - a potion of degeneration {unknown}
 p - a potion of ambrosia {unknown}


   Skills:
 - Level 3.0 Fighting
 + Level 4.4 Short Blades
 + Level 3.8 Dodging
 + Level 4.7 Stealth
 + Level 3.6 Shields


You had 5 spell levels left.
You didn't know any spells.
Your spell library contained the following spells:

 Spells                   Type           Power      Damage    Failure   Level
 Animate Skeleton         Necr           0%         N/A       38%         1
 Apportation              Tloc           0%         N/A       38%         1
 Summon Small Mammal      Summ           0%         N/A       38%         1
 Ensorcelled Hibernation  Hex/Ice        0%         N/A       52%         2
 Spider Form              Tmut/Pois      0%         N/A       77%         3
 Tukima's Dance           Hex            0%         N/A       77%         3
 Anguish                  Hex/Necr       0%         N/A       99%         4
 Petrify                  Tmut/Erth      0%         N/A       99%         4
 Metabolic Englaciation   Hex/Ice        0%         N/A       100%        5
 Statue Form              Tmut/Erth      0%         N/A       100%        6
 Enfeeble                 Hex            0%         N/A       100%        7


Dungeon Overview and Level Annotations

Branches:
Dungeon (4/15)
 Temple: D:4-7

Altars:
Elyvilon
Zin
The Shining One
Beogh

Shops:
D:3 !


Innate Abilities, Weirdness & Mutations

You cannot wear most types of armour.
You are amphibious.
You can wear up to eight rings at the same time.
Your skin changes colour to match your surroundings (Stealth+).
Your rubbery body absorbs attacks. (AC +1, EV +1)
((You are camouflaged when in or above water. (Stealth+)))
You have tentacles for arms and can constrict up to eight enemies at once.


Message History

The throwing net misses your +0 spectral rapier.
The throwing net hits you.
You become entangled in the net!
Unknown command.
You tear a large gash into the net.
The gnoll hits you from afar with a +0 spear.
The gnoll hits you from afar with a +2 spear of freezing.
The gnoll freezes you. The gnoll hits you but does no damage.
You struggle against the net.
The gnoll shaman hits you with a +0 whip.
The gnoll barely misses you. The gnoll closely misses you.
The gnoll barely misses you.
You shred the net and break free! You block the gnoll's attack. x2
The gnoll hits you from afar with a +0 spear.
You barely miss the gnoll shaman. You grab the gnoll shaman.
Your +0 spectral rapier hits the gnoll shaman!
You constrict the gnoll shaman. The gnoll shaman misses you.
The gnoll hits you from afar with a +0 spear.
The gnoll misses you. The gnoll closely misses you.
You hit the gnoll shaman.
The gnoll shaman is heavily wounded.
Your +0 spectral rapier hits the gnoll shaman.
You constrict the gnoll shaman.
The gnoll shaman prays to its god.
The gnoll shaman is healed somewhat.
You block the gnoll's attack. x2
The gnoll hits you but does no damage.
You hit the gnoll shaman but do no damage.
You squeeze the gnoll shaman.
The gnoll shaman is severely wounded.
Your +0 spectral rapier hits the gnoll shaman but does no damage.
You constrict the gnoll shaman.
The gnoll shaman hits you with a +0 whip.
The gnoll misses you. The gnoll closely misses you.
The gnoll hits you from afar with a +0 spear!
* * * LOW HITPOINT WARNING * * *
It was a potion of resistance.
You feel protected.
You constrict the gnoll shaman.
You kill the gnoll shaman!
The gnoll hits you from afar with a +0 spear!
You die...

#.#####..#...#..
#.......#.....#.
#######........#
#.....#.....#
.#.###..#...#.
#....#...###..
#....#..# .
###.#ยง..#
#.)@.#..#
#.....))#...#
#####g.gg..#.#
#.....#...
#.........
#.#+####### #.
#.


You could see 3 gnolls.

Vanquished Creatures
  A bullfrog zombie (D:3)
  2 orc priests (D:3)
  Crazy Yiuf (D:3)
  A gnoll shaman (D:4)
  Jessica (D:3)
  An iguana (D:3)
  5 gnolls
  A howler monkey zombie (D:3)
  2 worms (D:2)
  9 orcs (D:3)
  3 ball pythons
  3 endoplasms
  3 giant cockroaches
  5 hobgoblins
  12 kobolds
  3 quokkas
  3 bats
  5 frilled lizards
  3 goblins
  8 rats
72 creatures vanquished.

Vanquished Creatures (others)
  A plant (D:1)
1 creature vanquished.

Grand Total: 73 creatures vanquished

Notes
Turn   | Place    | Note
-------+----------+-------------------------------------------
     0 | D:1      | zeram the Octopode Fighter began the quest for the Orb.
     0 | D:1      | Reached XP level 1. HP: 16/16 MP: 1/1
   125 | D:1      | Reached XP level 2. HP: 17/21 MP: 2/2
   403 | D:1      | Reached skill level 1 in Stealth
  1005 | D:2      | Reached XP level 3. HP: 26/26 MP: 3/3
  1161 | D:2      | Reached XP level 4. HP: 10/31 MP: 4/4
  1485 | D:2      | Found a faded altar of an unknown god.
  1736 | D:2      | You are sucked into a shaft and drop 1 floor!
  1758 | D:3      | Found Mumien's Distillery.
  1808 | D:3      | Noticed Jessica
  1814 | D:3      | Killed Jessica
  1817 | D:3      | Reached XP level 5. HP: 36/36 MP: 5/5
  2010 | D:3      | Found a white marble altar of Elyvilon.
  2010 | D:3      | Found a glowing silver altar of Zin.
  2011 | D:3      | Found a glowing golden altar of the Shining One.
  2064 | D:3      | Reached XP level 6. HP: 42/42 MP: 6/6
  2247 | D:3      | Found a runed translucent door.
  2248 | D:3      | Noticed Crazy Yiuf
  2375 | D:3      | Killed Crazy Yiuf
  2498 | D:4      | Slain by a gnoll

Illustrated notes

Levels and vault maps discovered:
D:1:      dpeg_arrival_connections, layout_rooms,
          chequers_serial_rivers_small_a, corner_web_ring, minivault_23,
          lexackson_kobold_supper
D:2:      layout_basic, hellmonk_ecumenical_altar_defaced_shrine,
          hangedman_decor_opposing
D:3:      layout_rooms, good_gods_temple_1, serial_shops,
          nicolae_shop_waterfront, dk_noncrumbling_3, grunt_decor_arrowhead,
          uniq_crazy_yiuf_cottage, uniq_jessica
D:4:      minmay_goblin_kobold_castle, layout_loops_corners,
          nicolae_sif_muna_little_library, gammafunk_temple_overflow_wave,
          minmay_splitting_lines, guppyfry_shop_venom

Skill      XL: |  1  2  3  4  5 |
---------------+----------------+-----
Stealth        | 1 2 3 4 |  4.7
Short Blades   | 3 4 |  4.4
Fighting       | |  3.0
Dodging        | |  3.8
Shields        | |  3.6

Action                   |  1- 3 |  4- 6 || total
-------------------------+-------+-------++-------
Melee: Rapier            |    47 |    55 ||   102
       Constrict         |    12 |    18 ||    30
       Tentacles         |     5 |     8 ||    13
       Punch             |     1 |     3 ||     4
  Use: Scroll            |     1 |       ||     1
       Potion            |       |     2 ||     2
 Stab: Sleeping          |     6 |     5 ||    11
       Distracted        |       |     3 ||     3
Armor: Skin              |     6 |     8 ||    14
Dodge: Dodged            |    22 |    31 ||    53
Block: Buckler           |     6 |     9 ||    15
